 Dungeon Crawl Stone Soup version 0.21-a0-154-gb5400c9 (webtiles) character file.

548674 Lunath the Slayer (level 26, -9/179 HPs)
             Began as a Gargoyle Gladiator on Aug 2, 2017.
             Was a High Priest of Okawaru.
             Killed from afar by a green draconian annihilator (32 damage)
             ... with an iron shot
             ... on level 2 of the Realm of Zot on Aug 3, 2017.
             The game lasted 02:43:33 (51029 turns).

Lunath the Slayer (Gargoyle Gladiator)             Turns: 51029, Time: 02:43:34

Health: -9/179     AC: 55    Str: 24    XL:     26   Next: 24%
Magic:  38/41      EV: 22    Int: 15    God:    Okawaru [*****.]
Gold:   5797       SH:  3    Dex: 20    Spells: 45/54 levels left

rFire    + + +     SeeInvis +   O - +9 great mace (elec)
rCold    + + +     Gourm    .   (shield currently unavailable)
rNeg     + . .     Faith    .   K - +9 plate armour of the Stag {rF+}
rPois    ∞         Spirit   .   (helmet restricted)
rElec    +         Reflect  +   V - +2 cloak {MR+}
rCorr    .         Harm     .   i - +2 pair of gloves {Str+3}
MR       ++++.                  Z - +1 pair of boots of Daisies {rElec MR+ Dex+3 Slay+3}
Stlth    ..........             x - amulet "Plog" {Reflect rF+ rC+ SH+3 Stlth-}
HPRegen  0.39/turn              F - ring of Furil {rElec rF+ rC+ MR+ Int+3}
MPRegen  0.27/turn              Q - ring of protection from cold

@: about to teleport, heroism, finesse, corroded, flying
A: antennae 1, big wings, see invisible, negative energy resistance 1,
electricity resistance, unbreathing, petrification resistance, rot immunity, AC
+19
}: 3/15 runes: decaying, silver, gossamer
a: Stop Flying, Heroism, Finesse, Renounce Religion


You were on level 2 of the Realm of Zot.
You worshipped Okawaru.
Okawaru was extremely pleased with you.
You were not hungry.

You visited 9 branches of the dungeon, and saw 44 of its levels.
You visited 1 bazaar.
You also visited: Sewer and Ossuary.

You collected 7342 gold pieces.
You spent 1545 gold pieces at shops.

Inventory:

Hand Weapons
 a - the +10 great mace of Ururasch {crush, rC++ MR-}
   (Okawaru gifted it to you on level 12 of the Dungeon)

   It inflicts extra damage upon your enemies.
   It greatly protects you from cold.
   It affects your resistance to hostile enchantments.
 O - a +9 great mace of electrocution (weapon)
Missiles
 p - 5 exploding tomahawks (quivered)
Armour
 i - a +2 pair of gloves of strength (worn)
 w - a +2 helmet of see invisible
 K - the +9 plate armour of the Stag (worn) {rF+}
   (You bought it in a shop on level 5 of the Dungeon)

   It protects you from fire.
 L - +5 gold dragon scales
 V - a +2 cloak of magic resistance (worn)
 Z - the +1 pair of boots of Daisies (worn) {rElec MR+ Dex+3 Slay+3}
   (You found it on level 4 of the Swamp)

   It affects your dexterity (+3).
   It affects your accuracy and damage with ranged weapons and melee attacks
   (+3).
   It insulates you from electricity.
   It affects your resistance to hostile enchantments.
Jewellery
 x - the amulet "Plog" (around neck) {Reflect rF+ rC+ SH+3 Stlth-}
   (You found it on level 3 of the Lair of Beasts)

   [amulet of reflection]

   It shields you and reflects attacks.
   It protects you from fire.
   It protects you from cold.
   It affects your SH (+3).
   It makes you less stealthy.
 F - the ring of Furil (left hand) {rElec rF+ rC+ MR+ Int+3}
   (You took it off a boggart on level 2 of the Depths)

   [ring of protection from fire]

   It affects your intelligence (+3).
   It protects you from fire.
   It protects you from cold.
   It insulates you from electricity.
   It affects your resistance to hostile enchantments.
 Q - a ring of protection from cold (right hand)
Wands
 g - a wand of iceblast (6/15)
 k - a wand of flame (40/48)
 t - a wand of acid (7/15)
 C - a wand of lightning (6/15)
Scrolls
 b - a scroll of blinking
 c - a scroll of summoning
 h - 23 scrolls of teleportation
 j - 7 scrolls of fear
 m - a scroll of enchant weapon
 n - 12 scrolls of remove curse
 y - 18 scrolls of recharging
 E - 11 scrolls of magic mapping
 J - 3 scrolls of identify
 M - a scroll of brand weapon
 P - a scroll of silence
 Y - 3 scrolls of fog
Potions
 e - 2 potions of cancellation
 l - 19 potions of curing
 r - 10 potions of might
 s - 2 potions of invisibility
 u - 9 potions of brilliance
 z - 6 potions of heal wounds
 D - 4 potions of agility
 G - 8 potions of haste
 I - 2 potions of magic {unknown}
 N - a potion of resistance
Books
 B - a book of Power

   Spells                             Type                      Level
   a - Iskenderun's Battlesphere      Conjuration/Charms           5
   b - Venom Bolt                     Conjuration/Poison           5
   c - Bolt of Magma                  Conjuration/Fire/Earth       5
   d - Iron Shot                      Conjuration/Earth            6
   e - Orb of Destruction             Conjuration                  7
   f - Spellforged Servitor           Conjuration/Summoning        7
 R - a book of Battle

   Spells                             Type                      Level
   a - Infusion                       Charms                       1
   b - Shroud of Golubria             Charms/Translocation         2
   c - Song of Slaying                Charms                       2
   d - Spectral Weapon                Hexes/Charms                 3
   e - Regeneration                   Charms/Necromancy            3
 S - a book of Minor Magic

   Spells                             Type                      Level
   a - Magic Dart                     Conjuration                  1
   b - Blink                          Translocation                2
   c - Call Imp                       Summoning                    2
   d - Slow                           Hexes                        2
   e - Conjure Flame                  Conjuration/Fire             3
   f - Mephitic Cloud                 Conjuration/Poison/Air       3
 W - a book of Frost

   Spells                             Type                      Level
   a - Freeze                         Ice                          1
   b - Throw Frost                    Conjuration/Ice              2
   c - Ozocubu's Armour               Charms/Ice                   3
   d - Throw Icicle                   Conjuration/Ice              4
   e - Summon Ice Beast               Ice/Summoning                4
Comestibles
 f - 4 bread rations
 o - 26 meat rations
 q - 31 royal jellies
 A - 33 fruits


   Skills:
 + Level 22.1(27) Fighting
 - Level 20.1(25.1) Maces & Flails
 - Level 1.7(6.7) Throwing
 - Level 17.5(22.5) Armour
 + Level 16.6(21.6) Dodging
 + Level 14.7 Spellcasting
 + Level 13.7 Air Magic
 - Level 10.5 Invocations


You had 45 spell levels left.
You knew the following spells:

 Your Spells              Type           Power        Failure   Level  Hunger
a - Tornado               Air            ######....   100%        9    #######


Dungeon Overview and Level Annotations

Branches:
Dungeon (15/15)            Temple (1/1) D:7            Lair (6/6) D:10
  Swamp (4/4) Lair:2       Spider (4/4) Lair:2        Slime (0/5) Lair:6
    Orc (2/2) D:10            Elf (0/3) Orc:2        Vaults (5/5) D:13
  Crypt (0/3) Vaults:2     Depths (5/5) D:15            Zot (2/5) Depths:5

Altars:
Ashenzari
Cheibriados
Dithmenos
Elyvilon
Fedhas
Gozag
Hepliaklqana
Kikubaaqudgha
Makhleb
Nemelex Xobeh
Okawaru
Qazlal
Ru
Sif Muna
Trog
Uskayaw
Vehumet
Wu Jian
Xom
Yredelemnul
Zin
The Shining One
Beogh
Jiyva

Shops:
D:5 [   D:6 *   D:13 %   D:14 [*   Orc:1 [   Orc:2 *([(   Vaults:1 *
Depths:1 %[   Depths:4 :   Depths:5 }=}

Portals:
Hell: Depths:1 Depths:2 Depths:3 Depths:4 Depths:5
Abyss: Depths:1 Depths:4
Pandemonium: Depths:2 Depths:3
Ziggurat: Depths:2


Innate Abilities, Weirdness & Mutations

You are resistant to torment.
Your stone body is resilient. (AC +19)
You are immune to poison.
Your large and strong wings let you fly indefinitely.
You resist negative energy. (rN+)
You are resistant to electric shocks. (rElec)
You can survive without breathing.
You are immune to petrification.
You are immune to rotting.
You have a pair of small antennae on your head.
You have supernaturally acute eyesight. (SInv)


Message History

The green draconian annihilator blinks!
The black draconian breathes lightning at you.
The bolt of lightning misses you.
As you read the scroll of teleportation, it crumbles to dust.
You feel strangely unstable.
You feel the Orb delaying your translocation!
The yellow draconian throws acid at you.
The glob of acid hits you!
* * * LOW HITPOINT WARNING * * *
The acid corrodes you!
You are splashed with acid!
The acid burns!
* * * LOW HITPOINT WARNING * * *
The red draconian breathes flames at you.
The searing blast misses you.
The black draconian breathes lightning at you.
The bolt of lightning misses you. x2
The bolt of lightning hits the black draconian.
The black draconian completely resists.
The green draconian annihilator points at you and mumbles some strange words.
The iron shot hits you!
You die...

############
...........##
............##
########.....##
########......##
..........##...##
...#.>.....##...##
.###.....##.#..q@##
..........##.q....##
....###...##))d.d..#
......#...§...dd.#..#
.............)dd:..q.#
...###......q..!.d....#
#...#...........d...##.#
.................#..<#..
......................


You could see a yellow draconian monk, a black draconian, 2 draconians, a purple
draconian, 2 draconians, 2 draconians, a black draconian shifter, a green
draconian annihilator and a red draconian scorcher.

Vanquished Creatures
  A juggernaut (Depths:2)
  Boris (Vaults:2)
  Saint Roka (Orc:2)
  3 caustic shrikes (Depths:2)
  3 curse toes
  6 golden dragons
  2 bone dragons
  3 liches
  Rupert (Lair:4)
  9 tentacled monstrosities
  5 titans
  2 quicksilver dragons
  4 death cobs
  3 sphinxes
  5 thorn hunters
  11 storm dragons
  8 shadow dragons
  A draconian monk (Zot:2)
  2 draconian knights (Zot:1)
  Roxanne (Swamp:2)
  4 tengu reavers
  5 ghost moths
  12 frost giants
  A balrug (Depths:4)
  9 fire giants
  2 iron dragons
  Louise (Spider:2)
  A draconian scorcher (Zot:2)
  9 vault wardens
  9 ironheart preservers
  2 deep elf sorcerers (Depths:2)
  An orc warlord (Vaults:5)
  3 draconian shifters
  22 stone giants
  A deep elf elementalist (Vaults:5)
  5 emperor scorpions
  5 draconian annihilators
  A reaper (Vaults:2)
  3 spriggan defenders
  10 entropy weavers
  2 vampire knights (Depths:2)
  2 caustic shrike skeletons (Depths:4)
  21 very ugly things
  2 green draconians
  3 black draconians (Zot:1)
  2 deep elf demonologists
  3 white draconians
  Nessos (Orc:2)
  6 purple draconians
  3 red draconians
  Azrael (Spider:2)
  2 deep elf annihilators
  A yellow draconian (Zot:2)
  11 spark wasps
  13 ettins
  Snorg (D:12)
  A deep elf death mage (Vaults:2)
  16 fire dragons
  A jiangshi (Depths:2)
  15 ogre magi
  13 great orbs of eyes
  2 deep elf high priests
  27 yaktaur captains
  Erolcha (D:9)
  The ghost of p0werm0de the Martial Artist, a journeyman DgWz (Orc:2)
  33 vault guards
  An ice dragon (shapeshifter) (Vaults:1)
  Harold (Orc:1)
  3 rakshasas
  A hell beast (Depths:3)
  6 spriggan air magi
  9 ice dragons
  A merfolk avatar (Lair:6)
  15 hydras
  A satyr (shapeshifter) (Depths:2)
  A catoblepas (D:15)
  15 centaur warriors
  5 death knights
  50 two-headed ogres
  10 deep troll shamans
  4 death yaks (Lair:3)
  An orc high priest (Orc:2)
  12 alligators
  4 tengu warriors
  11 deep troll earth magi
  A titan zombie (Depths:4)
  5 vampire magi
  4 spriggan berserkers
  18 hell knights
  4 sun demons
  2 soul eaters (Depths:4)
  5 deep elf knights
  A titan skeleton (D:15)
  26 deep trolls
  2 deep trolls (shapeshifter)
  2 spark wasp zombies
  2 unseen horrors (shapeshifter) (Depths:2)
  An iron troll (Depths:3)
  3 swamp dragons
  A skeletal warrior (D:15)
  8 wizards
  9 glowing orange brains
  A torturous demonspawn (Depths:3)
  8 flayed ghosts
  2 spriggan druids (Swamp:2)
  A death drake (Swamp:4)
  3 unseen horrors
  Pikel (D:7)
  A gelid demonspawn (Depths:3)
  2 shambling mangroves
  7 necromancers
  The ghost of Charly the Grappler, a novice MiHu of Cheibriados (D:9)
  4 phantasmal warriors
  15 ironbrand convokers
  5 orc knights
  4 oklob plants
  4 harpies (Vaults:1)
  6 deep elf archers
  23 wolf spiders
  14 orb spiders
  46 ugly things
  5 orc sorcerers
  10 deep elf magi
  44 slime creatures
  A manticore (shapeshifter) (Depths:1)
  A wolf spider zombie (D:14)
  A fire giant zombie (Depths:3)
  A stone giant zombie (Vaults:4)
  2 salamanders (shapeshifter)
  3 cyclopes
  2 cyclopes (shapeshifter)
  7 manticores
  Maurice (Orc:1)
  8 elephants
  2 black mambas (shapeshifter)
  12 moths of wrath
  2 stone giant skeletons
  An eye of devastation (shapeshifter) (Vaults:5)
  An elephant (shapeshifter) (D:15)
  5 black mambas
  2 rust devils (Depths:4)
  A fire giant skeleton (Depths:3)
  2 smoke demons
  3 torpor snails
  19 vault sentinels
  A hellion (Depths:4)
  2 gargoyles
  27 spiny frogs
  A yaktaur zombie (D:15)
  A rime drake (shapeshifter) (Vaults:5)
  7 rime drakes
  4 orange demons (Depths:4)
  66 yaktaurs
  3 kobold demonologists
  An efreet (D:10)
  A komodo dragon (shapeshifter) (D:14)
  17 komodo dragons
  10 demonic crawlers
  10 freezing wraiths
  2 swamp worm zombies (Swamp:4)
  13 trolls
  A red devil (Zot:1)
  2 ice devils (Depths:4)
  6 hellwings (Depths:4)
  4 tengu conjurers
  34 hornets
  A meliai (D:12)
  39 jumping spiders
  A jumping spider (shapeshifter) (Vaults:4)
  A wind drake (Lair:6)
  A guardian mummy (D:15)
  A polar bear (shapeshifter) (D:14)
  7 tyrant leeches
  11 polar bears
  A raiju (shapeshifter) (Depths:2)
  11 bog bodies
  A slime creature (shapeshifter) (Depths:3)
  6 dream sheep (Lair:6)
  5 spectral swamp dragons (Swamp:4)
  4 alligator zombies (Swamp:4)
  14 blink frogs
  11 hippogriffs
  A hippogriff (shapeshifter) (D:14)
  A snapping turtle (shapeshifter) (Depths:2)
  7 spriggans
  38 tarantellas
  A ynoxinul (Depths:4)
  A spriggan skeleton (Depths:3)
  A flying skull (Vaults:2)
  3 air elementals (Depths:4)
  An ettin skeleton (D:15)
  4 shadows
  3 vampires
  94 redbacks
  2 water elementals (Depths:3)
  5 wyverns
  3 fire elementals (Spider:2)
  6 wraiths
  49 yaks
  6 basilisks
  A golden eye (shapeshifter) (Vaults:3)
  The ghost of KarmaPolice the Skirmisher, an amateur BaFi of Cheibriados (D:3)
  A steam dragon (Lair:2)
  A chaos spawn (Depths:4)
  2 hungry ghosts
  A human (D:13)
  A human simulacrum (Vaults:4)
  A neqoxec (Depths:4)
  Grum (D:8)
  23 vampire mosquitoes
  A redback simulacrum (D:13)
  Menkaure (D:4)
  2 wargs (shapeshifter)
  14 wargs
  2 soldier ants (shapeshifter)
  28 swamp worms
  2 acid dragons
  6 insubstantial wisps (Swamp:4)
  A soldier ant (D:15)
  11 water moccasins
  2 hell hounds (Spider:2)
  8 swamp drakes
  A floating eye (Depths:3)
  14 porcupines
  A slave (D:7)
  8 ice beasts
  3 sky beasts
  48 orc warriors
  10 black bears
  2 hornet zombies
  9 phantoms
  22 wolves
  A black bear (shapeshifter) (Depths:2)
  An ettin simulacrum (Vaults:3)
  7 swamp dragon zombies (Swamp:4)
  7 boggarts
  An eye of draining (D:9)
  A necrophage (D:11)
  31 ogres
  A wolf (shapeshifter) (Depths:3)
  22 centaurs
  13 crocodiles
  8 big kobolds
  24 bullfrogs
  A gnoll sergeant (D:9)
  A wyvern zombie (D:14)
  A glowing shapeshifter simulacrum (Depths:4)
  2 scorpions
  9 killer bees
  9 wights
  7 electric eels
  A bullfrog zombie (D:5)
  6 crimson imps
  A howler monkey (D:9)
  5 centaur zombies
  3 quasits
  2 hounds
  6 jellies
  34 orc wizards
  16 orc priests
  2 bullfrog skeletons
  5 centaur skeletons
  A gnoll shaman (D:8)
  An iron imp (Depths:3)
  Jessica (D:2)
  6 iguanas
  Natasha (thrice) (D:2)
  A spectral swamp drake (Swamp:4)
  8 worker ants
  6 big kobold zombies (Ossuary)
  The ghost of Charly the Chucker, a weakling MiHu of Hepliaklqana (D:4)
  2 hound skeletons
  2 worker ant zombies (D:5)
  A mummy (Ossuary)
  8 gnolls
  A howler monkey skeleton (D:6)
  A swamp drake zombie (Swamp:4)
  14 adders
  A hound simulacrum (D:10)
  9 shadow imps
  A white imp (Depths:3)
  2 ufetubi (Depths:3)
  4 oozes
  2 adder skeletons
  2 adder zombies
  6 worms
  7 leopard geckos
  132 orcs
  A spectral bat (Ossuary)
  3 ball pythons
  6 giant cockroaches
  6 gnoll zombies (Ossuary)
  13 goblins
  6 hobgoblins
  20 jackals
  9 quokkas
  4 bats
  A bat simulacrum (Ossuary)
  5 frilled lizards
  2 goblin simulacra (Ossuary)
  3 goblin zombies (Ossuary)
  5 hobgoblin zombies (Ossuary)
  A jackal skeleton (D:5)
  31 kobolds
  8 kobold simulacra (Ossuary)
  4 kobold zombies (Ossuary)
  A leopard gecko skeleton (D:6)
  6 orc zombies (Ossuary)
  17 rats
  5 rat simulacra (Ossuary)
  4 spectral goblins (Ossuary)
  5 spectral kobolds (Ossuary)
  3 spectral rats (Ossuary)
  2 briar patches (Swamp:4)
2296 creatures vanquished.

Vanquished Creatures (others)
  An ettin (Vaults:5)
  A cyclops (Vaults:1)
  A queen bee (shapeshifter) (Depths:3)
  An orc warrior (Vaults:5)
  A phantom (Swamp:4)
  2 ogres
  Ijyb (D:5)
  A swamp drake zombie (Swamp:4)
  A briar patch (Swamp:4)
  6 fungi
  22 plants
38 creatures vanquished.

Grand Total: 2334 creatures vanquished

Notes
Turn   | Place    | Note
-------+----------+-------------------------------------------
     0 | D:1      | Lunath the Gargoyle Gladiator began the quest for the Orb.
     0 | D:1      | Reached XP level 1. HP: 12/12 MP: 1/1
   170 | D:1      | Reached XP level 2. HP: 16/17 MP: 2/2
   566 | D:2      | You fall through a shaft for 2 floors!
   576 | D:4      | Reached XP level 3. HP: 21/22 MP: 3/3
   597 | D:4      | Reached skill level 3 in Fighting
   625 | D:4      | Noticed an ogre
   631 | D:4      | Killed an ogre
   631 | D:4      | Reached XP level 4. HP: 21/29 MP: 4/4
   631 | D:4      | Reached XP level 5. HP: 23/33 MP: 5/5
   665 | D:4      | Reached skill level 5 in Maces & Flails
   727 | D:4      | Reached skill level 4 in Fighting
   745 | D:4      | Noticed Menkaure
   752 | D:4      | Killed Menkaure
   752 | D:4      | Reached XP level 6. HP: 25/39 MP: 6/6
   958 | D:4      | Noticed an ice beast
   972 | D:4      | Killed an ice beast
   972 | D:4      | Reached XP level 7. HP: 31/44 MP: 7/7
   983 | D:4      | Noticed Charly's ghost (weakling MiHu)
   998 | D:4      | Killed Charly's ghost
   998 | D:4      | Reached skill level 5 in Fighting
  1031 | D:4      | Found a burning altar of Makhleb.
  1064 | D:4      | Found an iron altar of Okawaru.
  1082 | D:4      | Became a worshipper of Warmaster Okawaru
  1158 | D:4      | Found a glowing drain.
  1167 | Sewer    | Entered a sewer
  1923 | D:2      | Noticed Jessica
  1930 | D:2      | Killed Jessica
  2010 | D:2      | Noticed Natasha
  2017 | D:2      | Killed Natasha
  2284 | D:2      | Noticed Natasha
  2295 | D:2      | Killed Natasha
  2437 | D:2      | Noticed Natasha
  2444 | D:2      | Killed Natasha
  2779 | D:3      | Noticed KarmaPolice's ghost (amateur BaFi)
  2881 | D:3      | Killed KarmaPolice's ghost
  2881 | D:3      | Reached XP level 8. HP: 51/51 MP: 8/8
  3414 | D:5      | Entered Level 5 of the Dungeon
  3422 | D:5      | Reached * piety under Okawaru
  3422 | D:5      | Reached skill level 6 in Fighting
  3580 | D:5      | Noticed Ijyb
  3583 | D:5      | Killed Ijyb
  3813 | D:5      | Found Pimiluev's Antique Armour Shoppe.
  3824 | D:5      | Bought a pair of smoking gloves for 209 gold pieces
  3829 | D:5      | Identified the +2 pair of gloves "Zetischy" {Dex+3} (You bought it in a shop on level 5 of the Dungeon)
  4163 | D:6      | Reached skill level 7 in Fighting
  4168 | D:6      | Reached ** piety under Okawaru
  4210 | D:6      | Found a snail-covered altar of Cheibriados.
  4285 | D:6      | Reached XP level 9. HP: 57/57 MP: 9/9
  4291 | D:6      | Found Sesexaowk's Assorted Antiques.
  4416 | D:6      | Reached skill level 10 in Maces & Flails
  5146 | D:7      | Noticed Pikel
  5168 | D:7      | Killed Pikel
  5168 | D:7      | Reached *** piety under Okawaru
  5168 | D:7      | Reached skill level 8 in Fighting
  5214 | D:7      | Found a staircase to the Ecumenical Temple.
  5236 | D:7      | Found a sand-covered staircase.
  5241 | Ossuary  | Entered an ossuary
  5807 | D:7      | Found a glowing golden altar of the Shining One.
  5809 | D:7      | Found a shattered altar of Ashenzari.
  5810 | D:7      | Found a white marble altar of Elyvilon.
  5813 | D:7      | Found a hide-covered altar of Uskayaw.
  6005 | Temple   | Entered the Ecumenical Temple
  6274 | D:8      | Reached **** piety under Okawaru
  6274 | D:8      | Reached XP level 10. HP: 17/65 MP: 12/12
  6558 | D:8      | Noticed Grum
  6562 | D:8      | Noticed a two-headed ogre
  6589 | D:8      | Killed a two-headed ogre
  6589 | D:8      | Reached skill level 9 in Fighting
  6593 | D:8      | Killed Grum
  6692 | D:5      | Bought a pair of embroidered boots for 165 gold pieces
  6912 | D:8      | Reached skill level 5 in Invocations
  7033 | D:8      | Reached ***** piety under Okawaru
  7372 | D:9      | Reached XP level 11. HP: 22/72 MP: 13/15
  7419 | D:9      | Noticed Charly's ghost (novice MiHu)
  7457 | D:9      | Killed Charly's ghost
  7457 | D:9      | Reached skill level 10 in Fighting
  7831 | D:9      | Noticed a two-headed ogre
  7849 | D:9      | Killed a two-headed ogre
  7977 | D:9      | Noticed a wolf spider
  7986 | D:9      | Killed a wolf spider
  7986 | D:9      | Received a gift from Okawaru
  7994 | D:9      | Noticed a two-headed ogre
  8023 | D:9      | Killed a two-headed ogre
  8023 | D:9      | Reached skill level 1 in Armour
  8323 | D:9      | Noticed Erolcha
  8330 | D:9      | Killed Erolcha
  8462 | D:10     | Entered Level 10 of the Dungeon
  8476 | D:10     | Noticed a two-headed ogre
  8489 | D:10     | Killed a two-headed ogre
  8671 | D:10     | Found a staircase to the Orcish Mines.
  8830 | D:10     | Found a staircase to the Lair.
  8862 | D:10     | Reached XP level 12. HP: 50/79 MP: 10/17
  8866 | D:10     | Got a transparent chain mail
  8964 | D:10     | Noticed a two-headed ogre
  8985 | D:10     | Killed a two-headed ogre
  8996 | D:10     | Reached skill level 11 in Fighting
  9260 | D:10     | Noticed a centaur warrior
  9271 | D:10     | Killed a centaur warrior
  9271 | D:10     | Received a gift from Okawaru
  9387 | D:10     | Found a burning altar of Makhleb.
  9612 | D:10     | Identified the +6 chain mail of a bailey {+Inv +Fly rPois SInv} (You found it on level 10 of the Dungeon)
  9672 | Lair:1   | Entered Level 1 of the Lair of Beasts
  9682 | Lair:1   | Reached skill level 5 in Armour
 10521 | Lair:2   | Found a hole to the Spider Nest.
 10570 | Lair:2   | Reached XP level 13. HP: 68/84 MP: 19/19
 10716 | Lair:2   | Found a staircase to the Swamp.
 11065 | Lair:2   | Reached skill level 5 in Dodging
 11179 | Lair:3   | Received a gift from Okawaru
 11211 | Lair:3   | Got a slimy hand crossbow {god gift}
 11401 | Lair:3   | Reached skill level 15 in Maces & Flails
 11413 | Lair:3   | Reached skill level 12 in Fighting
 11557 | Lair:3   | Got a brightly glowing brass amulet
 11559 | Lair:3   | Identified the amulet "Plog" {Reflect rF+ rC+ SH+3 Stlth-} (You found it on level 3 of the Lair of Beasts)
 12105 | Lair:3   | Received a gift from Okawaru
 12614 | Orc:1    | Entered Level 1 of the Orcish Mines
 12958 | Orc:2    | Entered Level 2 of the Orcish Mines
 13160 | Orc:2    | Found a roughly hewn altar of Beogh.
 13203 | Orc:2    | Found Vuduck's Weapon Shop.
 13242 | Orc:2    | Found a roughly hewn altar of Beogh.
 13265 | Orc:2    | Noticed Nessos
 13267 | Orc:2    | Noticed p0werm0de's ghost (journeyman DgWz)
 13286 | Orc:2    | Killed p0werm0de's ghost
 13289 | Orc:2    | Reached skill level 10 in Invocations
 13307 | Orc:2    | Killed Nessos
 13582 | Orc:2    | Noticed Saint Roka
 13613 | Orc:2    | HP: 4/87 [smoke demon/divine providence[an orc sorcerer] (11)]
 13615 | Orc:2    | Paralysed by an orc sorcerer for 2 turns
 13907 | Orc:2    | Gained mutation: Your large and strong wings let you fly indefinitely. [Gargoyle growth]
 13907 | Orc:2    | Reached XP level 14. HP: 79/92 MP: 14/21
 13938 | Orc:2    | Killed Saint Roka
 14253 | Orc:1    | Found a roughly hewn altar of Beogh.
 14265 | Orc:1    | Noticed Harold
 14278 | Orc:1    | Killed Harold
 14382 | Orc:1    | Noticed Maurice
 14390 | Orc:1    | Killed Maurice
 14407 | Orc:1    | Found Qeklo's Armour Boutique.
 14506 | Orc:1    | Found a roughly hewn altar of Beogh.
 14618 | Orc:2    | Found a staircase to the Elven Halls.
 14798 | Orc:2    | Received a gift from Okawaru
 14825 | Orc:2    | Found Nejaytit's Antique Armour Shoppe.
 14826 | Orc:2    | Found a roughly hewn altar of Beogh.
 14827 | Orc:2    | Found Wiyteory's Antique Weapon Emporium.
 14910 | Orc:2    | Found a roughly hewn altar of Beogh.
 15021 | Orc:2    | Found a roughly hewn altar of Beogh.
 15022 | Orc:2    | Found Zian Hoym's Assorted Antiques.
 15203 | Orc:2    | Found a roughly hewn altar of Beogh.
 15366 | D:5      | Bought a runed helmet for 165 gold pieces
 15366 | D:5      | Bought a jewelled plate armour for 616 gold pieces
 15386 | D:5      | Identified the +9 plate armour of the Stag {rF+} (You bought it in a shop on level 5 of the Dungeon)
 15798 | Lair:4   | Noticed Rupert
 15809 | Lair:4   | Killed Rupert
 15809 | Lair:4   | Reached skill level 13 in Fighting
 17274 | Lair:5   | HP: 3/94 [acid (13)]
 17845 | Lair:6   | Entered Level 6 of the Lair of Beasts
 18362 | Lair:6   | Found a runed door.
 18363 | Lair:6   | Found a viscous altar of Jiyva.
 18364 | Lair:6   | Found a staircase to the Slime Pits.
 18388 | Lair:6   | Reached XP level 15. HP: 99/99 MP: 22/22
 19004 | Lair:6   | Reached ****** piety under Okawaru
 19004 | Lair:6   | Received a gift from Okawaru
 19005 | Lair:6   | Got a bloodstained great mace {god gift}
 19006 | Lair:6   | Identified the +0 great mace of Vogroede {venom, rPois rF+} (Okawaru gifted it to you on level 6 of the Lair of Beasts)
 19845 | D:11     | Reached skill level 10 in Armour
 20210 | D:11     | Reached skill level 14 in Fighting
 20234 | D:11     | Got an encrusted plate armour
 20590 | D:12     | Noticed Snorg
 20599 | D:12     | Killed Snorg
 20847 | D:12     | Received a gift from Okawaru
 20848 | D:12     | Got a scorched great mace {god gift}
 20849 | D:12     | Identified the +10 great mace of Ururasch {crush, rC++ MR-} (Okawaru gifted it to you on level 12 of the Dungeon)
 21370 | D:13     | Identified the cursed +0 plate armour "Saihaynes" {rC+ rN++ MR- Dex+3} (You found it on level 11 of the Dungeon)
 21391 | D:13     | Found a gate to the Vaults.
 21402 | D:13     | Received a gift from Okawaru
 21402 | D:13     | Reached XP level 16. HP: 107/107 MP: 15/23
 21534 | D:13     | Found Xun Xony's Food Emporium.
 22017 | D:14     | Found Baptatej's Armour Shoppe.
 22119 | D:14     | Received a gift from Okawaru
 22156 | D:14     | Found Cudov's Assorted Antiques.
 22179 | D:14     | Bought a scroll of identify for 52 gold pieces
 22179 | D:14     | Bought a potion of mutation for 208 gold pieces
 22179 | D:14     | Bought a potion of curing for 78 gold pieces
 22179 | D:14     | Bought a scroll of identify for 52 gold pieces
 22180 | D:14     | Identified a scroll of acquirement
 22182 | D:14     | Got a clouded graven amulet
 22184 | D:14     | Identified the amulet "Unin Zeruxo" {Faith Int+4} (You acquired it on level 14 of the Dungeon)
 22698 | D:14     | Got a brightly glowing helmet
 23075 | D:15     | Entered Level 15 of the Dungeon
 23235 | D:15     | Found a staircase to the Depths.
 23525 | D:15     | Reached skill level 15 in Fighting
 23657 | D:15     | Learned a level 9 spell: Tornado
 24128 | Spider:1 | Entered Level 1 of the Spider Nest
 24288 | Spider:1 | Identified the +1 helmet of Wofaff {rCorr} (You found it on level 14 of the Dungeon)
 24381 | Spider:1 | Reached XP level 17. HP: 94/113 MP: 24/24
 24582 | Spider:2 | Received a gift from Okawaru
 24655 | Spider:2 | Noticed Louise
 24673 | Spider:2 | Killed Louise
 24705 | Spider:2 | Noticed Azrael
 24720 | Spider:2 | Received a gift from Okawaru
 24724 | Spider:2 | Got a shimmering quarterstaff {god gift}
 24752 | Spider:2 | Killed Azrael
 25682 | Spider:2 | Received a gift from Okawaru
 25799 | Spider:3 | Reached skill level 10 in Dodging
 26607 | Spider:4 | Entered Level 4 of the Spider Nest
 26842 | Spider:4 | Received a gift from Okawaru
 27061 | Spider:4 | Reached XP level 18. HP: 106/120 MP: 0/25
 27070 | Spider:4 | Reached skill level 16 in Fighting
 27463 | Spider:4 | Got a gossamer rune of Zot
 28018 | Swamp:1  | Entered Level 1 of the Swamp
 28156 | Swamp:1  | Reached skill level 1 in Air Magic
 28201 | Swamp:1  | Reached skill level 1 in Spellcasting
 28882 | Swamp:2  | Noticed Roxanne
 29402 | Swamp:2  | Received a gift from Okawaru
 29421 | Swamp:2  | Killed Roxanne
 30030 | Swamp:4  | Entered Level 4 of the Swamp
 30065 | Swamp:4  | Got a pair of faintly humming boots
 30076 | Swamp:4  | Identified the +1 pair of boots of Daisies {rElec MR+ Dex+3 Slay+3} (You found it on level 4 of the Swamp)
 30309 | Swamp:4  | Reached XP level 19. HP: 115/127 MP: 26/26
 30572 | Swamp:4  | Received a gift from Okawaru
 30577 | Swamp:4  | Got a pair of faintly glowing gloves {god gift}
 30602 | Swamp:4  | Noticed a bone dragon
 30615 | Swamp:4  | Killed a bone dragon
 30644 | Swamp:4  | Identified the +0 pair of gloves of Agnosticism {Int+4} (Okawaru gifted it to you on level 4 of the Swamp)
 30694 | Swamp:4  | Got a decaying rune of Zot
 31140 | Vaults:1 | Entered Level 1 of the Vaults
 31216 | Vaults:1 | Found Naaqaan's Assorted Antiques.
 31444 | Vaults:1 | Reached skill level 17 in Fighting
 31549 | Vaults:1 | Reached skill level 5 in Air Magic
 31605 | Vaults:1 | Reached skill level 5 in Spellcasting
 32247 | Vaults:2 | Noticed Boris
 32258 | Vaults:2 | Killed Boris
 32258 | Vaults:2 | Received a gift from Okawaru
 33010 | Vaults:2 | Reached XP level 20. HP: 57/134 MP: 22/28
 33383 | Vaults:2 | Found a staircase to the Crypt.
 33426 | Vaults:2 | Reached skill level 15 in Armour
 34585 | Vaults:3 | Found a hide-covered altar of Uskayaw.
 34622 | Vaults:3 | Received a gift from Okawaru
 35361 | Vaults:4 | Received a gift from Okawaru
 35362 | Vaults:4 | Reached skill level 18 in Fighting
 35392 | Vaults:4 | Got a distressingly furry plate armour {god gift}
 35403 | Vaults:4 | Identified the +1 plate armour "Xeddim" {Dex+3} (Okawaru gifted it to you on level 4 of the Vaults)
 35873 | Vaults:4 | Reached XP level 21. HP: 114/141 MP: 32/32
 37031 | Depths:1 | Entered Level 1 of the Depths
 37057 | Depths:1 | Received a gift from Okawaru
 37480 | Depths:1 | Found a gateway to Hell.
 37482 | Depths:1 | Found a one-way gate to the infinite horrors of the Abyss.
 37518 | Depths:1 | You are sucked into a shaft!
 37737 | Depths:2 | Received a gift from Okawaru
 37737 | Depths:2 | Reached XP level 22. HP: 118/148 MP: 35/35
 38141 | Depths:2 | Noticed a caustic shrike
 38150 | Depths:2 | Noticed a caustic shrike
 38154 | Depths:2 | Killed a caustic shrike
 38165 | Depths:2 | Killed a caustic shrike
 38234 | Depths:2 | Reached skill level 19 in Fighting
 38273 | Depths:2 | Found a one-way gate leading to the halls of Pandemonium.
 38489 | Depths:2 | Reached skill level 10 in Spellcasting
 38895 | Depths:1 | Found Necsuni's Food Shop.
 38912 | Depths:1 | Found Anasih's Antique Armour Shop.
 39150 | Depths:2 | Noticed a juggernaut
 39170 | Depths:2 | Killed a juggernaut
 39170 | Depths:2 | Received a gift from Okawaru
 39197 | Depths:2 | Got a pair of translucent gloves {god gift}
 39208 | Depths:2 | Identified the +2 pair of gloves of Least Resistance {rCorr Str-4 Int+4} (Okawaru gifted it to you on level 2 of the Depths)
 39408 | Depths:2 | Got a shimmering lead ring
 39409 | Depths:2 | Identified the ring of Furil {rElec rF+ rC+ MR+ Int+3} (You took it off a boggart on level 2 of the Depths)
 39427 | Depths:2 | Found a gateway to a ziggurat.
 39434 | Depths:2 | Noticed a caustic shrike
 39444 | Depths:2 | Killed a caustic shrike
 39529 | Depths:2 | Got a scintillating diamond amulet
 39562 | Depths:2 | Noticed a golden dragon
 39575 | Depths:2 | Killed a golden dragon
 39582 | Depths:2 | Reached skill level 10 in Air Magic
 39940 | Depths:2 | Got a pair of bloodstained gloves
 39951 | Depths:2 | Identified the -1 pair of gloves of Broken Taboos {MR+ Regen+ Dex+3} (You found it on level 2 of the Depths)
 40147 | Depths:2 | Reached XP level 23. HP: 139/155 MP: 37/37
 40286 | Depths:3 | Noticed a golden dragon
 40296 | Depths:3 | Killed a golden dragon
 42122 | Depths:3 | Reached skill level 20 in Fighting
 42193 | Depths:3 | Received a gift from Okawaru
 43126 | Depths:4 | Found Zivaadd's Book Boutique.
 43248 | Depths:4 | Got a polished morningstar {vamp}
 43249 | Depths:4 | Identified the +8 morningstar "Sicwiumpih" {vamp, rF+ Int+2} (You took it off a hell knight on level 4 of the Depths)
 43251 | Depths:4 | Identified the amulet "Tisor" {+Rage rC+} (You took it off a frost giant on level 2 of the Depths)
 43542 | Depths:4 | Gained mutation: You occasionally shout uncontrollably at your foes. [a neqoxec]
 43651 | Depths:4 | Reached XP level 24. HP: 107/163 MP: 39/39
 43661 | Depths:4 | Received a gift from Okawaru
 44535 | Depths:5 | Entered Level 5 of the Depths
 44557 | Depths:5 | Found a flickering gateway to a bazaar.
 44567 | Bazaar   | Entered a bazaar
 44581 | Bazaar   | Found Soblivet's Weapon Shoppe.
 44609 | Bazaar   | Found Gofetuc's General Store.
 44722 | Depths:5 | Lost mutation: You occasionally shout uncontrollably at your foes. [potion of mutation]
 44722 | Depths:5 | Gained mutation: You expend magic power (3 MP) to strengthen your wands. [potion of mutation]
 44722 | Depths:5 | Gained mutation: You occasionally shout uncontrollably at your foes. [potion of mutation]
 44722 | Depths:5 | Gained mutation: You can translocate small distances at will. [potion of mutation]
 44722 | Depths:5 | Gained mutation: Your flesh is heat resistant. (rF+) [potion of mutation]
 44723 | Depths:5 | Lost mutation: You expend magic power (3 MP) to strengthen your wands. [potion of mutation]
 44723 | Depths:5 | Lost mutation: Your flesh is heat resistant. (rF+) [potion of mutation]
 44723 | Depths:5 | Gained mutation: You have a beak for a mouth. [potion of mutation]
 44723 | Depths:5 | Gained mutation: You evolve. [potion of mutation]
 44723 | Depths:5 | Gained mutation: You have sharp fingernails. [potion of mutation]
 44749 | Depths:5 | Reached skill level 15 in Dodging
 44795 | Depths:5 | Found a gate to the Realm of Zot.
 45387 | Depths:5 | Found Mowniuze's Gadget Boutique.
 45387 | Depths:5 | Found Toonnoor's Jewellery Emporium.
 45388 | Depths:5 | Found Foobo's Gadget Boutique.
 45630 | Depths:5 | Received a gift from Okawaru
 45742 | Depths:5 | Lost mutation: You occasionally shout uncontrollably at your foes. [evolution]
 46444 | Vaults:5 | Entered Level 5 of the Vaults
 46469 | Vaults:4 | Received a gift from Okawaru
 46560 | Vaults:4 | Reached skill level 21 in Fighting
 46856 | Vaults:5 | Reached XP level 25. HP: 121/171 MP: 37/40
 46894 | Vaults:5 | Got a pitted scarf
 46895 | Vaults:5 | Identified the scarf of the Hare {rN+ Int+4} (You found it on level 5 of the Vaults)
 47027 | Vaults:5 | Received a gift from Okawaru
 47661 | Vaults:5 | Got a silver rune of Zot
 48519 | Vaults:5 | Received a gift from Okawaru
 48570 | Vaults:5 | Lost mutation: You have a beak for a mouth. [potion of mutation]
 48570 | Vaults:5 | Lost mutation: You have sharp fingernails. [potion of mutation]
 48570 | Vaults:5 | Lost mutation: You can translocate small distances at will. [potion of mutation]
 48570 | Vaults:5 | Lost mutation: You evolve. [potion of mutation]
 48570 | Vaults:5 | Gained mutation: You have supernaturally acute eyesight. (SInv) [potion of mutation]
 48570 | Vaults:5 | Gained mutation: You have a pair of small antennae on your head. [potion of mutation]
 49413 | Zot:1    | Entered Level 1 of the Realm of Zot
 49557 | Zot:1    | Found a transporter.
 49833 | Zot:1    | Found a transporter.
 49915 | Zot:1    | Received a gift from Okawaru
 50166 | Zot:1    | Received a gift from Okawaru
 50166 | Zot:1    | Reached XP level 26. HP: 76/179 MP: 41/41
 50473 | Zot:1    | Got a scintillating crystal amulet
 50491 | Zot:1    | Got a clouded glass ring
 50504 | Zot:1    | Identified the ring "Wuxzufiq" {rPois Dex+3} (You found it on level 1 of the Realm of Zot)
 50506 | Zot:1    | Identified the amulet "Uwnylolu" {RegenMP rC- Int+3 Dex+2} (You found it on level 1 of the Realm of Zot)
 50570 | Zot:2    | Reached skill level 22 in Fighting
 51029 | Zot:2    | Killed from afar by a green draconian annihilator

Vault maps used:
D:1:      eino_arrival_water_star
D:2:      st_stairs_6, serial_bayou_pond_c, uniq_jessica, uniq_natasha
D:4:      lightli_temple_of_fire, okawaru_ov_weapons_minmay, first_bread,
          cheibrodos_sewer_entry_bend, minmay_goblin_kobold_house, uniq_menkaure
D:5:      serial_shops, shop_statue, uniq_ijyb
D:6:      serial_shops, nicolae_shop_temple_entry_statues_fountains,
          cheibriados_altar_1
D:7:      minitemple, minmay_temple_entry_statues, enter_ossuary_2, uniq_pikel
D:8:      uniq_grum
D:9:      evilmike_minifort, uniq_erolcha
D:10:     hangedman_cross_veins, erik_lair_orcish_takeover,
          minmay_orc_entry_guard_dogs, bloody_makhleb
D:12:     minmay_the_grid_3x2, uniq_snorg
D:13:     lightli_vaults_fourway_checkpoint, serial_shops,
          nicolae_shop_behind_doors, grunt_livestock, st_stairs_13,
          minmay_misc_feat_columns, minmay_checkerbox
D:14:     minmay_open_boxes_in_corner, serial_bayou_lagoon_a, serial_shops,
          shop, nicolae_shop_trees, basic_loot_grate_trap,
          kennysheep_generic_room_8
D:15:     gammafunk_depths_entry_grave, grunt_decor_one_mirror
Temple:   regret_index_temple_sphere_string
Lair:1:   beast_lair_carwin_large_4, minivault_26
Lair:2:   nicolae_swamp_entry_splash_gauntlet, spider_nest_entry_web_field,
          serial_bayou_shore_b
Lair:3:   dpeg_oklob_gauntlet, beast_lair_carwin_8, serial_bayou_shore_a
Lair:4:   serial_forest, infiniplex_forest_corner_1,
          infiniplex_forest_clump_small, infiniplex_forest_clump_curved,
          infiniplex_forest_clump_C, infiniplex_forest_diagonal,
          infiniplex_forest_clump_diagonal, infiniplex_forest_clump_medium,
          infiniplex_forest_lined_room_, uniq_rupert
Lair:5:   minmay_lair_oklob_chamber, grunt_megastairs_4
Lair:6:   gammafunk_lair_ancient_temple, slime_altar_2
Swamp:1:  hangedman_swamp_ruin_wall
Swamp:2:  evilmike_swamp_ruin_house_2, uniq_roxanne
Swamp:3:  evilmike_swamp_ruin_rubble_2
Swamp:4:  swamp_pestilence, nicolae_swamp_trees_clearing
Spider:1: spider_trap, hangedman_spider_mandibles
Spider:2: guppyfry_spider_mini_3, hangedman_spider_tarantella_strand,
          uniq_louise, uniq_azrael
Spider:3: spiders_nest_hornet_nest
Spider:4: spider_rune_water
Orc:1:    cheibrodos_orc_guarddog, serial_shops, shop, basic_altar,
          nicolae_orc_lost_temple, uniq_maurice, uniq_harold
Orc:2:    grunt_orc_community_town_hall, grunt_orc_community_big_house_2,
          grunt_orc_community_big_house_1, grunt_orc_community_house_3,
          grunt_orc_community_house_3, grunt_orc_community_house_2,
          grunt_orc_community_house_1, uniq_nessos
Vaults:1: ontoclasm_vaults_twist, v_misc_5, vaults_room_corners, v_misc_29,
          vaults_dpeg_spiral, ontoclasm_vaults_shuriken,
          nicolae_vaults_little_squares_6, v_misc_5, v_misc_1,
          vaults_room_ringed_pool, nicolae_vaults_alarming, serial_shops,
          nicolae_shop_trees
Vaults:2: hangedman_vaults_maws, v_misc_26, ontoclasm_vaults_misaligned,
          vaults_dpeg_encased_lava, v_misc_24,
          minmay_crypt_entry_simple_statues, ontoclasm_vaults_gallery,
          nicolae_vaults_network_square, ontoclasm_vaults_gateway,
          hangedman_vaults_river_flow, v_misc_25, v_misc_3,
          nicolae_vaults_little_squares_4, hangedman_vaults_trim, v_misc_25,
          uniq_boris
Vaults:3: hangedman_vaults_stitches, ontoclasm_vaults_fault,
          vaults_mumra_chevron_long, v_rooms_1, nicolae_vaults_three_branches,
          v_misc_3, nicolae_vaults_mini_display_case, dpeg_vaults_monster_box,
          basic_altar
Vaults:4: nicolae_vaults_arrows, vaults_standard_mumra_enter_the_diamond,
          nicolae_vaults_network_quincunx, ontoclasm_vaults_chip,
          hangedman_vaults_stagger, st_cells, vaults_mumra_hex,
          vaults_room_hallway, nicolae_vaults_circle_grid_b,
          vaults_room_door_ring
Depths:1: minmay_strange_pillars, hell_entry, abyss_entry, grunt_ministairs_11,
          minmay_misc_feat_doors, hex_tiny, minmay_hollow_rounded_squares,
          minmay_shop_star
Depths:2: hangedman_pleasuredromes, pan_entry, hell_entry
Depths:3: kennysheep_room_grid, minmay_misc_feat_five, grunt_pan_entry_sceptre,
          hell_entry, evilmike_ambush, serial_bayou_shore_b
Depths:4: kennysheep_demon_jail, hell_entry, abyss_entry, serial_shops, shop,
          infiniplex_staircase_river, grunt_megastairs_5
Depths:5: grunt_zot_entry_funnels, serial_shops, bzr_entry_dummy, hell_entry,
          minmay_shop_grove, roderic_lattice_octagonal_star
Zot:1:    gammafunk_its_a_trap
Bazaar:   bazaar_short_row
Sewer:    sewer_co_15_rooms
Ossuary:  ossuary_zaba_two_paths

Skill      XL: |  1  2  3  4  5  6  7  8  9 10 11 12 13 14 15 16 17 18 19 20 21 22 23 24 25 26 |
---------------+-------------------------------------------------------------------------------+-----
Maces & Flails | 4 5 6 7 9 11 12 13 14 15 16 17 18 19 20 | 20.1
Fighting       | 3 4 5 7 8 9 10 11 12 13 14 15 16 17 18 19 20 21 22 | 22.1
Invocations    | 3 5 7 9 10 | 10.5
Armour         | 3 5 7 9 10 11 12 13 14 15 16 17 | 17.5
Dodging        | 3 4 6 7 8 9 10 11 12 13 14 15 16 | 16.6
Air Magic      | 3 6 7 9 10 11 12 13 | 13.7
Spellcasting   | 3 5 7 9 10 12 13 14 | 14.7
Throwing       | |  1.7

Action                   |  1- 3 |  4- 6 |  7- 9 | 10-12 | 13-15 | 16-18 | 19-21 | 22-24 | 25-27 || total
-------------------------+-------+-------+-------+-------+-------+-------+-------+-------+-------++-------
Melee: Flail             |    68 |    83 |   591 |       |       |       |       |       |       ||   742
       Whip              |       |       |   227 |   314 |       |       |       |       |       ||   541
       Punch             |       |       |       |     5 |       |       |       |       |       ||     5
       Great mace        |       |       |       |   385 |  1468 |  1594 |  1434 |  1673 |   595 ||  7149
       Peck              |       |       |       |       |       |       |       |   131 |    82 ||   213
Throw: Throwing net      |       |     1 |       |       |       |       |       |       |       ||     1
Invok: Heroism           |       |       |       |    13 |    22 |    10 |     8 |    30 |    10 ||    93
       Finesse           |       |       |       |     8 |    20 |     5 |     8 |    21 |     8 ||    70
Evoke: Wand              |       |       |       |     2 |    10 |     1 |       |    16 |       ||    29
  Use: Scroll            |       |       |    19 |     7 |    10 |    11 |     3 |    19 |    14 ||    83
       Potion            |       |       |     7 |     1 |     4 |       |       |     4 |     2 ||    18
 Stab: Sleeping          |     1 |       |       |       |       |       |       |       |       ||     1
       Held in net/web   |       |       |       |       |       |     1 |       |       |       ||     1
  Eat: Chunk             |       |       |    18 |    22 |    33 |    16 |    16 |    12 |     4 ||   121
       Bread ration      |       |       |       |       |       |     4 |     2 |     6 |     1 ||    13
Armor: Leather armour    |    15 |       |       |       |       |       |       |       |       ||    15
       Quicksilver drago |    24 |    63 |   117 |       |       |       |       |       |       ||   204
       Plate armour      |       |       |   400 |   463 |   744 |  1214 |   922 |  1033 |   371 ||  5147
       Chain mail        |       |       |       |   195 |   345 |       |       |       |       ||   540
       Gold dragon scale |       |       |       |       |       |       |       |       |    14 ||    14
       Skin              |       |       |       |       |       |       |       |       |     1 ||     1
Dodge: Dodged            |    49 |    77 |   317 |   334 |   806 |   977 |   893 |  1116 |   416 ||  4985
Block: Other             |       |       |       |    17 |   146 |   169 |   140 |   148 |    63 ||   683
       Reflection        |       |       |       |       |     2 |     1 |    11 |     7 |     3 ||    24
